Map: Frozen Temple

Players

Pokebunny - Winner!

  • Race: Terran Terran
  • League: Grandmaster

WarreN

  • Race: Zerg Zerg
  • League: Grandmaster

VOD

Have the link to the VOD?

Description

Time

  • Played on: April 7, 2016, 1:11 a.m.
  • Length: 8:07
Show
View Real Time Build Order
Export as new Build Order

Pokebunny Terran - Winner!

Build Orders: Reaper Expand 

Get SALT Encoding   

  12  0:01  SCV  
  13  0:13  SCV  
  14  0:17  Supply Depot  
  14  0:25  SCV  
  15  0:39  Barracks, SCV  
  16  0:44  Refinery  
  16  0:51  SCV  
  17  1:03  SCV  
  18  1:15  SCV  
  19  1:27  Orbital Command  
  19  1:28  Reaper  
  20  1:40  Command Center  
  20  1:51  Supply Depot  
  20  1:53  SCV  
  21  2:01  Barracks Reactor  
  21  2:05  SCV  
  21  2:07  Barracks  
  22  2:16  Barracks  
  22  2:26  Refinery  
  22  2:30  Factory  
  22  2:40  Marine x2  
  22  2:41  SCV  
  25  2:58  Marine x2  
  25  3:03  Bunker  
  27  3:11  Marine x2  
  29  3:15  Factory Tech Lab  
  29  3:18  Marine x2  
  31  3:31  Marine x2  
  33  3:36  Marine x2  
  33  3:45  SCV  
  33  3:46  Siege Tank  
  37  3:48  Marine  
  37  3:49  Marine  
  33  4:18  Supply Depot  
  33  4:21  Supply Depot  
  33  4:24  Orbital Command  
  28  4:39  Marine x2  
  28  4:40  Marine  
  30  4:51  Siege Tank  
  31  4:56  Marine  
  30  5:09  Marine x2  
  32  5:16  Starport  
  32  5:26  Supply Depot  
  32  5:33  Barracks Tech Lab, Marine  
  32  5:34  Marine x2  
  35  5:35  Orbital Command  
  29  5:47  Siege Tank  
  29  5:49  SCV  
  32  5:54  Marine x3  
  32  5:56  Starport Reactor  
  36  6:08  SCV  
  36  6:10  SCV  
  38  6:12  Marine  
  38  6:18  Marine x2  
  40  6:21  Marine  
  41  6:26  SCV x2  
  43  6:35  Marine  
  44  6:40  SCV x2  
  44  6:43  Medivac  
  44  6:44  Medivac  
  50  6:51  Marine x2  
  50  6:54  SCV x2  
  54  6:59  Supply Depot  
  54  7:15  Supply Depot  
  54  7:20  Medivac x2, SCV x2  
  60  7:24  Supply Depot  
  60  7:34  Siege Tank  
  60  7:36  Marine x2  
  60  7:37  Marine  
  63  7:41  Marine  
  63  7:42  SCV  
  63  7:43  SCV  
Show
View Real Time Build Order
Export as new Build Order

WarreN Zerg 

Build Orders: Hatch First 

Get SALT Encoding   

  12  0:00  Drone  
  13  0:12  Drone  
  14  0:19  Overlord  
  14  0:30  Drone, Extractor  
  14  0:31  Extractor  
  14  0:32  Drone  
  16  0:38  Drone  
  17  0:56  Hatchery  
  16  0:58  Drone  
  16  1:01  Extractor  
  16  1:03  Drone  
  17  1:09  Drone  
  18  1:20  Spawning Pool  
  17  1:30  Drone  
  17  1:31  Drone  
  19  1:39  Overlord  
  19  2:07  Metabolic Boost  
  19  2:10  Spine Crawler  
  19  2:12  Spine Crawler x2  
  19  2:13  Zergling x2  
  17  2:18  Queen  
  20  2:25  Zergling x2  
  20  2:26  Zergling x2  
  20  2:28  Zergling x2  
  22  2:30  Zergling x2  
  23  2:40  Zergling x2  
  23  2:41  Zergling x2  
  23  2:42  Zergling x2  
  25  3:03  Zergling x6  
  30  3:13  Spine Crawler  
  30  3:19  Zergling x6  
  31  3:28  Zergling x4  
  31  3:31  Queen  
  33  3:40  Zergling x2  
  33  3:41  Zergling x2  
  35  3:50  Zergling x2  
  31  4:08  Zergling x10  
  27  4:20  Zergling x4  
  23  4:33  Zergling x4  
  24  4:52  Queen x2  
  24  4:53  Zergling x8  
  26  5:00  Zergling x2  
  26  5:04  Zergling x2  
  26  5:08  Zergling x2  
  27  5:15  Zergling x2  
  28  5:22  Hatchery  
  19  5:47  Drone x3  
  19  5:48  Drone x3  
  22  5:59  Drone x2  
  22  6:00  Queen  
  26  6:05  Drone  
  26  6:06  Overlord  
  27  6:12  Overlord  
  27  6:24  Drone  
  27  6:25  Drone x2  
  30  6:33  Drone x3  
  33  6:40  Spine Crawler  
  32  6:49  Spine Crawler  
  31  6:55  Drone x4  
  35  7:02  Extractor  
  35  7:03  Drone x2  
  36  7:11  Roach Warren  
  36  7:13  Drone  
  36  7:15  Drone  
  36  7:16  Drone  
  36  7:22  Drone x3  
  41  7:25  Zergling x2  
  41  7:28  Zergling x2  
  43  7:34  Overlord  
  43  7:41  Extractor  
  42  7:45  Zergling x2  
  42  7:47  Overlord  
Tags
 
Add a new tag
Caveats
  • Supply blocks, unpowered buildings, or Contaminate may cause inaccurate times.
  • Supply counts are checked every 10 seconds.